 Dungeon Crawl Stone Soup version 0.30-a0-385-gfebfb9b408 (webtiles) character file.

Game seed: 16017502363036939550

75 MTVSty1e the Chopper (level 4, -1/39 (41) HPs)
             Began as a Minotaur Fighter on Dec 2, 2022.
             Slain by Crazy Yiuf
             ... wielding a +2 quarterstaff of chaos
              (4 damage)
             ... while petrified by Crazy Yiuf
             ... on level 2 of the Dungeon.
             The game lasted 00:01:24 (1344 turns).

MTVSty1e the Chopper (Minotaur Fighter)             Turns: 1344, Time: 00:01:24

HP:   -1/39 (41)    AC: 11    Str: 23    XL:     4   Next: 11%
MP:   3/3           EV:  2    Int:  5    God:
Gold: 96            SH:  0    Dex:  9    Spells: 3/3 levels left

rFire   . . .      SeeInvis .    a - +0 war axe
rCold   . . .      Faith    .    c - +0 buckler
rNeg    + + +      Spirit   .    g - +0 plate armour
rPois   ∞          Reflect  .    (helmet restricted)
rElec   .          Harm     .    (no cloak)
rCorr   .          Rampage  .    (no gloves)
Will    .....                    (no boots)
Stlth   ..........               (no amulet)
HPRegen 0.26/turn                (no ring)
MPRegen 0.08/turn                (no ring)

@: petrified, slowed, lightly drained
A: horns 2, retaliatory headbutt
a: no special abilities


You were on level 2 of the Dungeon.
You visited 1 branch of the dungeon, and saw 2 of its levels.

You collected 96 gold pieces.

Inventory:

Hand Weapons
 a - a +0 war axe (weapon)
Armour
 b - a +0 scale mail
 c - a +0 buckler (worn)
 g - a +0 plate armour (worn)
Scrolls
 e - a scroll of noise {unknown}
 i - a scroll of teleportation {unknown}
 l - a scroll of fog {unknown}
Potions
 d - a potion of might
 f - 3 potions of curing {unknown}
 h - a potion of brilliance {unknown}
 j - a potion of attraction {unknown}
 k - 4 potions of haste {unknown}


   Skills:
 + Level 4.5 Fighting
 * Level 4.6 Axes
 - Level 3.6 Armour
 - Level 3.6 Shields


You had 3 spell levels left.
You didn't know any spells.
Your spell library was empty.

Dungeon Overview and Level Annotations

Branches:
Dungeon (2/15)

Altars:

Annotations:
D:2 Crazy Yiuf


Innate Abilities, Weirdness & Mutations

You have a pair of horns on your head.
You reflexively headbutt those who attack you in melee.


Message History

Crazy Yiuf freezes you.
* * * LOW HITPOINT WARNING * * *
You hit Crazy Yiuf.
Crazy Yiuf is heavily wounded.
Crazy Yiuf says, "Candle!
Powder light agre."
You block Crazy Yiuf's attack.
You hit Crazy Yiuf.
Crazy Yiuf is almost dead.
Crazy Yiuf barely misses you.
You closely miss Crazy Yiuf. Your headbutt misses Crazy Yiuf.
Crazy Yiuf is almost dead.
Crazy Yiuf hits you but does no damage.
You barely miss Crazy Yiuf.
Crazy Yiuf is severely wounded.
Crazy Yiuf hits you with a +2 quarterstaff of chaos.
* * * LOW HITPOINT WARNING * * *
Crazy Yiuf barely misses you.
You closely miss Crazy Yiuf.
Crazy Yiuf is severely wounded.
Crazy Yiuf hits you with a +2 quarterstaff of chaos.
* * * LOW HITPOINT WARNING * * *
You are slowing down.
You barely miss Crazy Yiuf. Your headbutt misses Crazy Yiuf.
Crazy Yiuf is severely wounded.
Crazy Yiuf says, "Hack!"
You block Crazy Yiuf's attack. Crazy Yiuf barely misses you.
You furiously retaliate!
You headbutt Crazy Yiuf.
You have turned to stone.
Crazy Yiuf completely misses you. Crazy Yiuf hits you but does no damage.
Crazy Yiuf hits you but does no damage.
You feel yourself slow down.
Crazy Yiuf hits you with a +2 quarterstaff of chaos!
* * * LOW HITPOINT WARNING * * *
Crazy Yiuf freezes you.
Crazy Yiuf cries, "Rot testudinal arga!"
Crazy Yiuf hits you with a +2 quarterstaff of chaos.
* * * LOW HITPOINT WARNING * * *
Crazy Yiuf burns you.
Crazy Yiuf whimpers, "Lugonu cower sing-song!"
Crazy Yiuf hits you with a +2 quarterstaff of chaos!
You die...

#.# #.# ###### #.#
###....# ### #......##
#..~....#######
..~~...#.'..#.### ###
#..).........#..##...#
#.~........P####@g...#
##.......+P## ###..)#
########### ###


You could see Crazy Yiuf.

Vanquished Creatures
  2 adders (D:2)
  A worm (D:2)
  4 ball pythons
  6 endoplasms
  4 giant cockroaches
  5 hobgoblins
  6 jackals
  2 quokkas
  3 bats
  5 frilled lizards
  5 goblins
  2 kobolds (D:1)
  6 rats
51 creatures vanquished.

Notes
Turn   | Place    | Note
-------+----------+-------------------------------------------
     0 | D:1      | MTVSty1e the Minotaur Fighter began the quest for the Orb.
     0 | D:1      | Reached XP level 1. HP: 19/19 MP: 0/0
   150 | D:1      | Reached XP level 2. HP: 20/27 MP: 1/1
   688 | D:2      | Reached XP level 3. HP: 33/33 MP: 2/2
   909 | D:2      | Found a runed translucent door.
   910 | D:2      | Noticed Crazy Yiuf
   980 | D:2      | Reached XP level 4. HP: 40/41 MP: 3/3
  1003 | D:2      | Noticed a black bear
  1344 | D:2      | Slain by Crazy Yiuf

Illustrated notes

Levels and vault maps discovered:
D:1:      minmay_arrival_radiant_lines, layout_loops_cross, nrook_mini_vaults,
          minmay_tromino_v4_a
D:2:      layout_basic, chequers_serial_rivers_micro_c, reono_crystal_passage,
          kennysheep_cross_bottleneck, columned_hall_lemuel,
          lightli_corner_chamber, uniq_crazy_yiuf_cottage

Skill      XL: |  1  2  3 |
---------------+----------+-----
Axes           | 3 4 |  4.6
Fighting       | 4 |  4.5
Armour         | |  3.6
Shields        | |  3.6

Action                   |  1- 3 |  4- 6 || total
-------------------------+-------+-------++-------
Melee: War axe           |    74 |    15 ||    89
       Headbutt          |     9 |     4 ||    13
Armor: Scale mail        |     5 |       ||     5
       Plate armour      |    45 |     7 ||    52
Dodge: Dodged            |    22 |     7 ||    29
Block: Buckler           |    11 |     4 ||    15

Table legend: (Time is in decaauts)
 A = Elapsed time spent in this place.
 B = Non-inter-level travel time spent in this place.
 C = Inter-level travel time spent in this place.
 D = Time resting spent in this place.
 E = Time spent auto-exploring this place.
 F = Levels seen in this place.
 G = Mean time per level.
                   A        B        C        D        E       F      G
               +--------+--------+--------+--------+--------+-----+--------+
         Total |   1377 |   1373 |      4 |     51 |   1041 |   2 |  688.5 |
       Dungeon |   1377 |   1373 |      4 |     51 |   1041 |   2 |  688.5 |
               +--------+--------+--------+--------+--------+-----+--------+

Top non-repeatable levels by time:
     D:1: 696 daAuts
     D:2: 680 daAuts
